 Dungeon Crawl Stone Soup version 0.30-a0-748-ge6a52f7cba (webtiles) character file.

Game seed: 5738315871833246091

67062 gelatine the Severer (level 14, -5/127 HPs)
             Began as a Minotaur Fighter on Feb 8, 2023.
             Was a High Priest of Uskayaw.
             Slain by an ettin
             ... wielding a +0 dire flail
              (15 damage)
             ... on level 11 of the Dungeon.
             The game lasted 00:48:29 (15800 turns).

gelatine the Severer (Minotaur Fighter)            Turns: 15800, Time: 00:48:30

Health: -5/127     AC: 17    Str: 25    XL:     14   Next: 81%
Magic:  19/19      EV: 21    Int:  5    God:    Uskayaw [*****.]
Gold:   1181       SH: 16    Dex: 11    Spells: 13/13 levels left

rFire   + . .      SeeInvis +    M - +3 war axe (flame)
rCold   . . .      Faith    .    u - +0 tower shield
rNeg    . . .      Spirit   .    l - +2 scale mail {rF+}
rPois   .          Reflect  .    (helmet restricted)
rElec   .          Harm     .    e - +2 cloak
rCorr   .          Rampage  .    (no gloves)
Will    +....                    i - +1 pair of boots
Stlth   ++                       d - amulet of regeneration
HPRegen 1.21/turn                v - +5 ring of evasion
MPRegen 0.16/turn                x - +5 ring of evasion

@: no status effects
A: horns 2, retaliatory headbutt, see invisible
a: Renounce Religion, Stomp, Line Pass, Grand Finale


You were on level 11 of the Dungeon.
You worshipped Uskayaw.
Uskayaw was aware of your devotion.
You visited 5 branches of the dungeon, and saw 19 of its levels.

You collected 1181 gold pieces.

Inventory:

Hand Weapons
 o - a +3 battleaxe of venom
 I - a +3 war axe
 M - a +3 war axe of flaming (weapon)
Missiles
 F - 2 boomerangs (quivered)
 Q - 2 curare-tipped darts
 S - 7 javelins
Armour
 e - a +2 cloak (worn)
 i - a +1 pair of boots (worn)
 l - a +2 scale mail of fire resistance (worn)
 u - a +0 tower shield (worn)
 Z - a +0 troll leather armour
Jewellery
 c - a +6 ring of dexterity
 d - an amulet of regeneration (around neck)
 r - a ring of ice
 v - a +5 ring of evasion (left hand)
 x - a +5 ring of evasion (right hand)
 B - a ring of poison resistance
 J - a ring of willpower
 K - a ring of positive energy
 R - a ring of protection from cold
 T - a ring of see invisible
 W - a ring of protection from fire
Wands
 b - a wand of paralysis (17)
 y - a wand of flame (20)
 C - a wand of mindburst (17)
 H - a wand of roots (20)
 U - a wand of light (10)
Scrolls
 f - a scroll of identify
 g - 3 scrolls of magic mapping
 m - 3 scrolls of fog
 n - 5 scrolls of teleportation
 s - 2 scrolls of enchant weapon
 A - 4 scrolls of fear
 L - a scroll of silence
 X - a scroll of poison
Potions
 a - 2 potions of flight
 j - a potion of heal wounds
 k - 3 potions of cancellation
 p - 5 potions of curing
 t - a potion of berserk rage
 w - 3 potions of mutation
 z - a potion of invisibility
 D - 2 potions of lignification
 E - 2 potions of ambrosia
 N - 2 potions of attraction
 O - a potion of resistance
 Y - 4 potions of haste
Miscellaneous
 h - a box of beasts (inert)
 q - a tin of tremorstones (1/2)


   Skills:
 * Level 12.6 Fighting
 * Level 16.7(17.0) Axes
 + Level 5.1(12.0) Maces & Flails
 + Level 4.9 Throwing
 * Level 11.2 Armour
 * Level 9.6 Dodging
 + Level 6.9 Stealth
 * Level 11.5 Shields
 * Level 8.4 Invocations
 + Level 3.3 Evocations


You had 13 spell levels left.
You didn't know any spells.
Your spell library contained the following spells:

 Spells                   Type           Power      Damage    Failure   Level
 Foxfire                  Conj/Fire      0%         2x1d4     99%         1
 Kiss of Death            Conj/Necr      0%         2d5       99%         1
 Sandblast                Erth           0%         2d4       99%         1
 Shock                    Conj/Air       0%         1d3       99%         1
 Sting                    Tmut/Pois      0%         1d3       99%         1
 Summon Small Mammal      Summ           0%         N/A       99%         1
 Ensorcelled Hibernation  Hex/Ice        0%         N/A       100%        2
 Passwall                 Tmut/Erth      0%         N/A       100%        2
 Poisonous Vapours        Pois/Air       0%         N/A       100%        2
 Call Canine Familiar     Summ           0%         N/A       100%        3
 Confusing Touch          Hex            0%         N/A       100%        3
 Ignite Poison            Fire/Tmut/Pois 0%         N/A       100%        3
 Kindle Blastsparks       Fire/Tloc/Air  0%         2d10      100%        3
 Spider Form              Tmut/Pois      0%         N/A       100%        3
 Stone Arrow              Conj/Erth      0%         3d7       100%        3
 Summon Guardian Golem    Hex/Summ       0%         N/A       100%        3
 Swiftness                Air            0%         N/A       100%        3
 Airstrike                Air            0%         2d(0-16)  100%        4
 Anguish                  Hex/Necr       0%         N/A       100%        4
 Animate Dead             Necr           0%         N/A       100%        4
 Dispel Undead            Necr           0%         3d6       100%        4
 Olgreb's Toxic Radiance  Pois           0%         N/A       100%        4
 Fireball                 Conj/Fire      0%         3d3       100%        5
 Freezing Cloud           Conj/Ice/Air   0%         6-21      100%        5
 Summon Forest            Summ/Tloc      0%         N/A       100%        5
 Eringya's Noxious Bog    Tmut/Pois      0%         N/A       100%        6
 Starburst                Conj/Fire      0%         6d3       100%        6
 Haunt                    Necr/Summ      0%         N/A       100%        7
 Summon Hydra             Summ           0%         N/A       100%        7
 Infestation              Necr           0%         N/A       100%        8


Dungeon Overview and Level Annotations

Branches:
Dungeon (11/15)            Temple (1/1) D:5            Lair (5/5) D:11
 Shoals (1/4) Lair:3       Spider (1/4) Lair:2        Slime (0/5) Lair:5
    Orc: D:9-12

Altars:
Ashenzari
Cheibriados
Dithmenos
Elyvilon
Fedhas
Gozag
Hepliaklqana
Kikubaaqudgha
Makhleb
Nemelex Xobeh
Okawaru
Qazlal
Ru
Sif Muna
Trog
Uskayaw
Vehumet
Wu Jian
Xom
Yredelemnul
Zin
The Shining One
Jiyva
Lugonu

Shops:
D:10 *

Portals:
Abyss: Lair:5


Innate Abilities, Weirdness & Mutations

You have a pair of horns on your head.
You reflexively headbutt those who attack you in melee.
You have supernaturally acute eyesight. (SInv)


Message History

You furiously retaliate!
You headbutt the unseen horror.
You can now merge with and destroy a victim.
You hit the unseen horror. You burn the unseen horror.
You kill the unseen horror!
You hit the ettin. You burn the ettin.
You headbutt the ettin, but do no damage.
The ettin is lightly wounded.
An orc wizard comes into view. It is wielding a +0 dagger.
You block the ettin's attack. The ettin barely misses you.
You slash the ettin! You burn the ettin.
The ettin is moderately wounded.
The orc wizard mumbles some strange words.
The orc wizard flickers and vanishes for a moment.
The ettin hits you with a +0 dire flail!!
The ettin barely misses you.
You hit the ettin but do no damage.
You headbutt the ettin, but do no damage.
The ettin is moderately wounded.
You block the ettin's attack. x2
You hit the ettin. You burn the ettin.
The ettin is moderately wounded.
The ettin completely misses you. You furiously retaliate!
You headbutt the ettin. The ettin completely misses you.
You slash the centaur warrior! You burn the centaur warrior.
Your headbutt misses the centaur warrior.
The centaur warrior is moderately wounded.
You hit the ettin but do no damage.
You block the centaur warrior's attack. x2
The ettin hits you with a +0 dire flail!! x2
* * * LOW HITPOINT WARNING * * *
The tremorstone explodes into fragments!
The burst of rock shards engulfs the ettin but does no damage.
The burst of rock shards engulfs the orc wizard!
You kill the orc wizard!
The burst of rock shards engulfs you.
* * * LOW HITPOINT WARNING * * *
The burst of rock shards engulfs the centaur warrior!
The burst of rock shards engulfs the acid dragon!
The centaur warrior misses you. You block the centaur warrior's attack.
The ettin hits you with a +0 dire flail!
You die...

### #.# #.# #### #### #.# #...
###~~# ### #.# #.## ~~~~##
##..########.######.## #####
#....#............#.#. #
###...c#####.#.####.#.#.
'.D)..C@.###.#.#........ #
###...†#................ #####
#8#....#....)#...#..##.. ~~~~##
##~##..##............##.# #..~~#
#~~~####~...#.#.......#.#
#..#.#####.##.#.....#.#.......#.#
#..#........>.......#.#.....<.#.#
#..#.#####.##.#.#...#.#..........
....................#.#..........


You could see an ettin, a centaur warrior and an acid dragon.

Vanquished Creatures
  Rupert (Lair:4)
  Frances (Shoals:1)
  The ghost of Xodoc the Destroyer, a journeyman DsFE of Vehumet (Lair:4)
  A dire elephant (Lair:5)
  An entropy weaver (shapeshifter) (Lair:5)
  Fannar (D:10)
  A catoblepas (Lair:1)
  3 hydras
  A centaur warrior (Shoals:1)
  Erica (D:8)
  A two-headed ogre (D:11)
  A boulder beetle (D:9)
  A vampire mage (Lair:5)
  14 death yaks
  3 thrashing horrors (Lair:5)
  A fire crab (D:11)
  A large abomination (Lair:5)
  A pharaoh ant (Spider:1)
  4 skeletal warriors (D:11)
  A sea snake (Shoals:1)
  4 harpies (Shoals:1)
  A wolf spider (Lair:5)
  A manticore (D:11)
  A cyclops (shapeshifter) (Lair:5)
  3 ugly things
  A moth of wrath (shapeshifter) (Lair:5)
  6 fauns (Shoals:1)
  4 black mambas
  A merfolk siren (Shoals:1)
  12 cane toads
  2 smoke demons (Lair:5)
  2 unseen horrors
  5 rime drakes
  5 komodo dragons
  An ancient zyme (Lair:5)
  2 polar bears (Lair:5)
  A wind drake (shapeshifter) (Lair:5)
  A merfolk (Shoals:1)
  3 trolls
  A wind drake (Shoals:1)
  Prince Ribbit (D:5)
  3 hornets
  24 blink frogs
  2 tarantellas
  13 dream sheep
  A jumping spider (Spider:1)
  2 shadows
  10 wyverns
  The ghost of sircluck the Shooter, an amateur SpHu (D:4)
  A spriggan (Lair:5)
  A human (Lair:5)
  A vampire (D:9)
  32 yaks
  3 wraiths
  A chaos spawn (Lair:5)
  4 steam dragons
  8 basilisks (Lair:5)
  4 vampire mosquitoes (D:11)
  11 small abominations (Lair:5)
  2 acid dragons (D:11)
  13 water moccasins
  3 orc warriors
  2 sky beasts (D:7)
  4 ogres
  11 wolves (Lair:1)
  The ghost of RapScallion the Magician, an amateur GnWn (D:3)
  A boggart (D:11)
  7 centaurs
  A phantom (D:4)
  8 bullfrogs
  3 kobold brigands
  2 necrophages
  5 scorpions
  12 wights
  2 howler monkeys
  2 quasits (D:4)
  5 jellies
  5 orc priests (D:7)
  A hound (D:4)
  An iron imp (D:7)
  A gnoll bouda (D:10)
  Jessica (D:3)
  10 orc wizards
  2 hell rats (Lair:3)
  8 gnolls
  9 adders
  6 river rats (Lair:3)
  2 shadow imps
  2 white imps
  An ufetubus (D:5)
  A worm (D:2)
  A dart slug (D:5)
  24 orcs
  9 endoplasms
  2 giant cockroaches
  7 hobgoblins
  8 jackals
  3 quokkas
  4 ball pythons
  3 bats
  3 frilled lizards
  10 goblins
  15 kobolds
  5 rats
448 creatures vanquished.

Vanquished Creatures (others)
  An orc wizard (D:6)
  2 orcs
  11 fungi
  19 plants
33 creatures vanquished.

Grand Total: 481 creatures vanquished

Notes
Turn   | Place    | Note
-------+----------+-------------------------------------------
     0 | D:1      | gelatine the Minotaur Fighter began the quest for the Orb.
     0 | D:1      | Reached XP level 1. HP: 19/19 MP: 0/0
   300 | D:1      | Reached XP level 2. HP: 27/27 MP: 1/1
   545 | D:1      | Reached XP level 3. HP: 33/33 MP: 2/2
   787 | D:1      | You fall into a shaft and drop 1 floor!
   878 | D:2      | Reached skill level 3 in Axes
  1827 | D:3      | Reached XP level 4. HP: 41/41 MP: 3/3
  1911 | D:3      | Noticed Jessica
  1920 | D:3      | Killed Jessica
  1921 | D:3      | Reached skill level 4 in Axes
  1921 | D:3      | Reached skill level 1 in Dodging
  1978 | D:3      | Found a burning altar of Makhleb.
  2240 | D:3      | Found a large runed translucent door.
  2247 | D:3      | Found a large runed translucent door.
  2253 | D:3      | Noticed RapScallion's ghost (amateur GnWn)
  2418 | D:3      | Killed RapScallion's ghost
  2419 | D:3      | Reached skill level 1 in Stealth
  2419 | D:3      | Reached XP level 5. HP: 36/47 MP: 4/4
  2494 | D:4      | Reached skill level 5 in Axes
  2501 | D:4      | Reached XP level 6. HP: 51/55 MP: 5/5
  2617 | D:4      | Reached skill level 5 in Fighting
  2653 | D:4      | Reached skill level 6 in Axes
  2841 | D:4      | Found a transporter.
  2854 | D:4      | Found a transporter.
  2858 | D:4      | Noticed sircluck's ghost (amateur SpHu)
  2923 | D:4      | Reached XP level 7. HP: 60/61 MP: 6/6
  2938 | D:4      | Killed sircluck's ghost
  2939 | D:4      | Reached skill level 7 in Axes
  2978 | D:5      | Entered Level 5 of the Dungeon
  3022 | D:5      | Found a staircase to the Ecumenical Temple.
  3055 | D:5      | Reached skill level 5 in Shields
  3076 | Temple   | Entered the Ecumenical Temple
  3157 | Temple   | Became a worshipper of Uskayaw the Reveller
  3234 | D:5      | Reached * piety under Uskayaw
  3238 | D:5      | Reached ** piety under Uskayaw
  3239 | D:5      | Reached skill level 5 in Armour
  3243 | D:5      | Reached *** piety under Uskayaw
  3415 | D:5      | Reached XP level 8. HP: 69/69 MP: 7/7
  3435 | D:5      | Reached skill level 8 in Axes
  3702 | D:5      | Noticed Prince Ribbit
  3731 | D:5      | Killed Prince Ribbit
  3972 | D:6      | Reached skill level 9 in Axes
  4027 | D:6      | Reached **** piety under Uskayaw
  4028 | D:6      | Reached skill level 1 in Invocations
  4029 | D:6      | Reached skill level 1 in Evocations
  4467 | D:6      | Reached XP level 9. HP: 71/75 MP: 8/8
  4609 | D:6      | Identified the +1 leather armour of the Singing Gods
                  | {Str+3}
  4936 | D:7      | Found a white marble altar of Elyvilon.
  4952 | D:7      | Found a broken altar of Ashenzari.
  5095 | D:7      | Found a snail-covered altar of Cheibriados.
  5221 | D:7      | Reached skill level 1 in Maces & Flails
  5239 | D:7      | Found an ancient bone altar of Kikubaaqudgha.
  5340 | D:7      | Reached skill level 10 in Axes
  5533 | D:7      | Found a glowing golden altar of the Shining One.
  5801 | D:8      | Reached ***** piety under Uskayaw
  6015 | D:8      | Found a bloodstained altar of Trog.
  6033 | D:8      | Noticed Erica
  6048 | D:8      | Killed Erica
  6049 | D:8      | Reached XP level 10. HP: 73/86 MP: 11/11
  6464 | D:9      | Noticed a boulder beetle
  6521 | D:9      | Killed a boulder beetle
  6522 | D:9      | Reached skill level 1 in Throwing
  6522 | D:9      | Reached skill level 5 in Dodging
  6948 | D:9      | Reached skill level 5 in Maces & Flails
  7333 | D:10     | Entered Level 10 of the Dungeon
  7357 | D:10     | Found an opulent altar of Gozag.
  7361 | D:10     | Found Gozag's Platinum Reserve.
  7422 | D:10     | Noticed Fannar
  7437 | D:10     | Killed Fannar
  7657 | D:10     | Reached skill level 11 in Axes
  7678 | D:10     | Found a stormy altar of Qazlal.
  7690 | D:10     | Reached XP level 11. HP: 80/94 MP: 13/13
  8180 | D:11     | Noticed a fire crab
  8180 | D:11     | Found a staircase to the Lair.
  8299 | D:11     | Noticed a skeletal warrior
  8302 | D:11     | Noticed a skeletal warrior
  8314 | D:11     | Killed a skeletal warrior
  8320 | D:11     | Killed a skeletal warrior
  8497 | D:11     | Killed a fire crab
  8735 | D:11     | Noticed a skeletal warrior
  8749 | D:11     | Killed a skeletal warrior
  8860 | D:11     | Noticed a skeletal warrior
  8874 | D:11     | Killed a skeletal warrior
  8875 | D:11     | Reached skill level 12 in Axes
  9193 | D:11     | Reached skill level 5 in Invocations
  9272 | D:11     | Found a runed translucent door.
  9276 | D:11     | Noticed a two-headed ogre
  9296 | D:11     | Noticed a centaur warrior
  9302 | D:11     | Killed a two-headed ogre
  9903 | Lair:1   | Entered Level 1 of the Lair of Beasts
 10124 | Lair:1   | Reached XP level 12. HP: 105/105 MP: 15/15
 10294 | Lair:1   | Noticed a death yak
 10294 | Lair:1   | Noticed a death yak
 10294 | Lair:1   | Noticed a death yak
 10294 | Lair:1   | Noticed a death yak
 10295 | Lair:1   | Noticed a death yak
 10304 | Lair:1   | Killed a death yak
 10304 | Lair:1   | Killed a death yak
 10304 | Lair:1   | Killed a death yak
 10304 | Lair:1   | Noticed a death yak
 10305 | Lair:1   | Reached skill level 13 in Axes
 10305 | Lair:1   | Reached skill level 5 in Stealth
 10305 | Lair:1   | Killed a death yak
 10306 | Lair:1   | Killed a death yak
 10314 | Lair:1   | Killed a death yak
 10490 | Lair:1   | Noticed a catoblepas
 10508 | Lair:1   | Killed a catoblepas
 10534 | Lair:1   | Reached skill level 10 in Fighting
 10783 | Lair:2   | Found a hole to the Spider Nest.
 11018 | Lair:2   | Noticed a five-headed hydra
 11027 | Lair:2   | Killed a five-headed hydra
 11360 | Spider:1 | Entered Level 1 of the Spider Nest
 11366 | Spider:1 | Reached skill level 14 in Axes
 11369 | Spider:1 | Noticed a broodmother
 11549 | Lair:3   | Reached ****** piety under Uskayaw
 11573 | Lair:3   | You fall into a shaft and drop 1 floor!
 11609 | Lair:4   | Reached XP level 13. HP: 114/114 MP: 16/16
 11695 | Lair:4   | Noticed Rupert
 12045 | Lair:3   | Found a staircase to the Shoals.
 12578 | Lair:4   | Reached skill level 10 in Armour
 12645 | Lair:4   | Found a runed translucent gate.
 12645 | Lair:4   | Found a runed translucent gate.
 12645 | Lair:4   | Found a runed translucent gate.
 12646 | Lair:4   | Noticed Xodoc's ghost (journeyman DsFE)
 12886 | Lair:4   | Killed Rupert
 13008 | Lair:4   | Reached skill level 10 in Shields
 13218 | Lair:4   | Killed Xodoc's ghost
 13219 | Lair:4   | Reached skill level 15 in Axes
 13262 | Lair:5   | Entered Level 5 of the Lair of Beasts
 13464 | Lair:5   | Noticed a dire elephant
 13468 | Lair:5   | Killed a dire elephant
 13469 | Lair:5   | Reached XP level 14. HP: 117/125 MP: 18/18
 13625 | Lair:5   | Reached skill level 16 in Axes
 13814 | Lair:5   | Found a runed translucent door.
 14054 | Lair:5   | Found a staircase to the Slime Pits.
 14055 | Lair:5   | Found a viscous altar of Jiyva.
 14334 | Lair:5   | Found a corrupted altar of Lugonu.
 14334 | Lair:5   | Found a one-way gate to the infinite horrors of the Abyss.
 14340 | Lair:5   | Identified the +0 halberd "Zir Pott" {freeze, rC+}
 14943 | Shoals:1 | Entered Level 1 of the Shoals
 15032 | Shoals:1 | Gained mutation: You have supernaturally acute eyesight.
                  | (SInv) [potion of mutation]
 15140 | Shoals:1 | Noticed Frances
 15155 | Shoals:1 | Killed Frances
 15800 | D:11     | Slain by an ettin

Illustrated notes

Levels and vault maps discovered:
D:1:      amcnicky_arrival_wind_blow, layout_basic, minivault_5
D:2:      layout_loops_ring
D:3:      layout_loops_cross, mainiacjoe_overflow_six_doors_small,
          ebering_ghost_disaster_area, hangedman_abyss_or_decor_stabs,
          chequers_serial_rivers_large_a, uniq_jessica
D:4:      wander_river, layout_rooms, gammafunk_ghost_stat_death
D:5:      layout_gridville, minmay_temple_entry_waves, uniq_prince_ribbit1
D:6:      layout_basic
D:7:      layout_loops_ring, lemuel_coloured_pillars_altar, chei_slow_surprise,
          kiku_gazebo_pond_becter, amethyst_overflow_temple_binary
D:8:      layout_cave_pools, mainiacjoe_overflow_chevrons, uniq_erica
D:9:      layout_irregular_city
D:10:     layout_roguey, nicolae_overflow_crystal_walls,
          nicolae_gozag_zags_fifth_avenue, uniq_fannar
D:11:     layout_basic, minmay_lair_entry_lava,
          hangedman_abyss_or_decor_jellyfish_corner, lightli_airlock
Temple:   cyrus_circular_temple
Lair:1:   layout_roguey, nicolae_lair_grove_arrangements,
          infiniplex_staircase_pool
Lair:2:   layout_hall_layers, spider_nest_entry_rubble, lemuel_fruit_tree
Lair:3:   layout_chaotic_city, minmay_shoals_entry_centaurs, kennysheep_rathole
Lair:4:   layout_hall_layers, ebering_ghost_rock_garden, st_stairs_6,
          grunt_megastairs_2, uniq_rupert
Lair:5:   hellmonk_lair_end_abyssal_woods, layout_layer_cave, slime_entry_1,
          pdpol_lair_cabin_in_the_woods, grunt_megastairs_3
Shoals:1: layout_shoals, uniq_frances
Spider:1: layout_spider_delve

Skill      XL: |  1  2  3  4  5  6  7  8  9 10 11 12 13 14 |
---------------+-------------------------------------------+-----
Fighting       | 4 5 6 7 8 9 10 11 12 | 12.6
Armour         | 4 5 6 7 8 9 10 11 | 11.2
Shields        | 4 5 6 7 8 9 10 11 | 11.5
Axes           | 3 4 5 6 7 9 10 11 12 14 15 16 | 16.7
Dodging        | 1 2 3 4 5 6 7 8 9 |  9.6
Stealth        | 1 2 3 4 5 6 |  6.9
Invocations    | 1 3 4 5 6 7 8 |  8.4
Evocations     | 1 2 3 |  3.3
Maces & Flails | 3 5 |  5.1
Throwing       | 2 3 4 |  4.9

Action                     |  1- 3 |  4- 6 |  7- 9 | 10-12 | 13-15 || total
---------------------------+-------+-------+-------+-------+-------++-------
  Melee: War axe           |    92 |    66 |   107 |   335 |   293 ||   893
         Headbutt          |    11 |     5 |    51 |   109 |    97 ||   273
         Flail             |       |       |   106 |    93 |       ||   199
         Battleaxe         |       |       |       |       |    95 ||    95
  Throw: Boomerang         |       |       |    12 |    99 |    79 ||   190
  Evoke: Wand              |       |       |     2 |     5 |     9 ||    16
         Tin of tremorston |       |       |       |       |     3 ||     3
         Box of beasts     |       |       |       |       |     2 ||     2
    Use: Scroll            |       |     4 |     7 |    12 |     5 ||    28
         Potion            |       |     2 |     2 |     2 |     7 ||    13
   Stab: Paralysed         |       |       |     9 |    39 |    41 ||    89
         Sleeping          |       |       |     4 |     2 |     2 ||     8
         Distracted        |       |       |       |     1 |       ||     1
 Armour: Scale mail        |    62 |    18 |    34 |       |    79 ||   193
         Chain mail        |       |       |     4 |       |       ||     4
         Leather armour    |       |       |    20 |    48 |       ||    68
         Troll leather arm |       |       |       |    25 |    16 ||    41
  Dodge: Dodged            |    44 |    47 |   204 |   314 |   335 ||   944
  Block: Buckler           |    25 |    16 |    59 |    36 |       ||   136
         Kite shield       |       |       |       |   145 |    52 ||   197
         Tower shield      |       |       |       |       |   179 ||   179

Table legend: (Time is in decaauts)
 A = Elapsed time spent in this place.
 B = Non-inter-level travel time spent in this place.
 C = Inter-level travel time spent in this place.
 D = Time resting spent in this place.
 E = Time spent auto-exploring this place.
 F = Levels seen in this place.
 G = Mean time per level.
                   A        B        C        D        E       F      G
               +--------+--------+--------+--------+--------+-----+--------+
         Total |  16023 |  15183 |    840 |      0 |  11669 |  19 |  843.3 |
       Dungeon |  10005 |   9578 |    427 |      0 |   7471 |  11 |  909.5 |
        Temple |     96 |     68 |     28 |      0 |     58 |   1 |   96.0 |
          Lair |   5086 |   4782 |    304 |      0 |   3573 |   5 | 1017.2 |
        Shoals |    819 |    739 |     80 |      0 |    567 |   1 |  819.0 |
   Spider Nest |     14 |     14 |      0 |      0 |      0 |   1 |   14.0 |
               +--------+--------+--------+--------+--------+-----+--------+

Top non-repeatable levels by time:
  Lair:5: 1613 daAuts
    D:11: 1569 daAuts
    D:10: 1088 daAuts
  Lair:4: 1062 daAuts
     D:7: 1005 daAuts
     D:1: 976 daAuts
     D:6: 961 daAuts
     D:9: 918 daAuts
  Lair:3: 867 daAuts
  Lair:1: 860 daAuts
Shoals:1: 819 daAuts
     D:3: 802 daAuts
     D:2: 773 daAuts
     D:5: 767 daAuts
  Lair:2: 682 daAuts
